 Dungeon Crawl Stone Soup version 0.31-a0-692-gf03d1854d5 (webtiles) character file.

Game seed: 9920710983773030050

238 Ijustatesigmund the Chopper (level 6, -2/56 HPs)
             Began as a Hill Orc Fighter on Sept 7, 2023.
             Slain by an ogre
             ... wielding a +0 giant club
              (15 damage)
             ... on level 5 of the Dungeon.
             The game lasted 00:03:57 (3183 turns).

Ijustatesigmund the Chopper (Hill Orc Fighter)      Turns: 3183, Time: 00:03:57

Health: -2/56      AC: 13    Str: 21    XL:     6   Next: 7%
Magic:  6/6        EV:  5    Int:  8    God:
Gold:   224        SH:  8    Dex: 10    Spells: 5/5 levels left

rFire   . . .        a - +0 war axe
rCold   . . .        c - +0 kite shield
rNeg    . . .        b - +0 plate armour
rPois   .            (no helmet)
rElec   .            (no cloak)
rCorr   .            o - +0 pair of gloves
SInv    .            (no boots)
Will    .....        (no amulet) Stlth
                     (no ring)
HPRegen 0.29/turn    (no ring)
MPRegen 0.10/turn

%: no passive effects
@: no status effects
A: no striking features
a: no special abilities


You were on level 5 of the Dungeon.
You visited 1 branch of the dungeon, and saw 5 of its levels.

You collected 224 gold pieces.

Inventory:

Hand Weapons
 a - a +0 war axe (weapon)
Armour
 b - a +0 plate armour (worn)
 c - a +0 kite shield (worn)
 o - a +0 pair of gloves (worn)
Jewellery
 f - an amulet of reflection
 h - an amulet of the acrobat
 i - an amulet of regeneration
Scrolls
 k - 2 scrolls of fog
 p - a scroll of revelation
Potions
 d - 2 potions of might
 e - a potion of mutation
 g - a potion of lignification
 j - a potion of heal wounds
 l - a potion of attraction {unknown}
 m - 3 potions of haste {unknown}
 t - a potion of enlightenment {unknown}


   Skills:
 + Level 5.2 Fighting
 + Level 5.9 Axes
 + Level 4.4 Armour
 - Level 3.2 Shields


You had 5 spell levels left.
You didn't know any spells.
Your spell library contained the following spells:

 Spells                   Type           Power      Damage    Failure   Level
 Apportation              Tloc           0%         N/A       100%        1
 Foxfire                  Conj/Fire      0%         2x1d4     100%        1
 Necrotise                Necr           0%         1d4       100%        1
 Summon Small Mammal      Summ           0%         N/A       100%        1
 Blink                    Tloc           0%         N/A       100%        2
 Lesser Beckoning         Tloc           0%         N/A       100%        2
 Momentum Strike          Conj/Tloc      0%         3d8       100%        2
 Portal Projectile        Hex/Tloc       0%         N/A       100%        3
 Tukima's Dance           Hex            0%         N/A       100%        3
 Iskenderun's Mystic Bla  Conj/Tloc      0%         2d3       100%        4
 Plasma Beam              Fire/Air       0%         2x1d10    100%        6
 Starburst                Conj/Fire      0%         6d3       100%        6


Dungeon Overview and Level Annotations

Branches:
Dungeon (5/15)
 Temple: D:4-7

Altars:
Xom

Annotations:
D:3 2 runed translucent doors


Message History

You block the sleepcap's attack.
You hit the sleepcap but do no damage.
The sleepcap is heavily damaged.
You block the sleepcap's attack.
You hit the sleepcap but do no damage.
The sleepcap is heavily damaged.
You block the sleepcap's attack.
The sleepcap releases spores at you but does no damage.
You hit the sleepcap.
The sleepcap is severely damaged.
You block the sleepcap's attack.
You slash the sleepcap!
You destroy the sleepcap!
You have reached level 6!
HP restored.
You now have 224 gold pieces (gained 14).
Found 5 stones.
An ogre comes into view. It is wielding a +0 giant club.
The ogre shouts!
Found a mace.
You block the ogre's attack.
You barely miss the ogre. You block the ogre's attack.
You slash the ogre!
The ogre is moderately wounded.
The ogre hits you with a +0 giant club!
You slash the ogre!
The ogre is heavily wounded.
The ogre hits you with a +0 giant club!
You hit the ogre.
The ogre is almost dead.
The ogre hits you with a +0 giant club!!
* * * LOW HITPOINT WARNING * * *
You are too injured to fight recklessly!
You are too injured to fight recklessly!
You are too injured to fight recklessly!
You are too injured to fight recklessly!
You barely miss the ogre.
The ogre is almost dead.
The ogre hits you with a +0 giant club!
You die...

.............#
##...........# ###
#......?....# ....
#......../..## #..#
#............#
#..####
.....###..#..# #.
#...##......#
##...###...##......#
#.....O@...........#
#...............####
#....(.........##
#)............##
##########+##[# #...
###.. #.


You could see an ogre.

Vanquished Creatures
  A scorpion (D:5)
  A howler monkey (D:4)
  A sleepcap (D:5)
  5 adders
  A worm (D:4)
  A dart slug (D:1)
  5 endoplasms
  5 giant cockroaches
  8 goblins
  8 hobgoblins
  4 kobolds
  3 quokkas
  10 ball pythons
  3 bats
  4 frilled lizards
  2 rats
62 creatures vanquished.

Notes
Turn   | Place    | Note
-------+----------+-------------------------------------------
     0 | D:1      | Ijustatesigmund the Hill Orc Fighter began the quest for
                  | the Orb.
     0 | D:1      | Reached XP level 1. HP: 19/19 MP: 1/1
   306 | D:1      | Reached XP level 2. HP: 22/26 MP: 2/2
   963 | D:2      | Found a faded altar of an unknown god.
  1021 | D:2      | Reached XP level 3. HP: 33/33 MP: 3/3
  1766 | D:3      | Found a large runed translucent door.
  1766 | D:3      | Found a large runed translucent door.
  1797 | D:3      | Found a shimmering altar of Xom.
  1886 | D:3      | Found a faded altar of an unknown god.
  2006 | D:3      | Reached XP level 4. HP: 40/40 MP: 4/4
  2106 | D:3      | Reached skill level 5 in Axes
  2623 | D:4      | Reached XP level 5. HP: 31/47 MP: 5/5
  2833 | D:5      | Entered Level 5 of the Dungeon
  2839 | D:5      | Reached skill level 5 in Fighting
  3159 | D:5      | Reached XP level 6. HP: 52/56 MP: 6/6
  3183 | D:5      | Slain by an ogre

Illustrated notes

Levels and vault maps discovered:
D:1:      dpeg_arrival_radiant, layout_loops_cross, corner_web_ring
D:2:      kennysheep_the_goblin_king, layout_loops_ring,
          hellmonk_ecumenical_altar_pennies_from_heaven
D:3:      due_chaos_kobolds, layout_loops_ring,
          nicolae_overflow_ecumenical_swirl
D:4:      layout_cave_pools
D:5:      layout_gridville, lemuel_round_altar, dk_yredelemnul_ordeal,
          minmay_temple_entry_ruins, minmay_misc_feat_cross, bh_walls_and_bars,
          uniq_prince_ribbit1

Skill      XL: |  1  2  3  4  5 |
---------------+----------------+-----
Axes           | 3 4 5 |  5.9
Fighting       | 4 5 |  5.2
Armour         | 4 |  4.4
Shields        | |  3.2

Action                     |  1- 3 |  4- 6 || total
---------------------------+-------+-------++-------
  Melee: War axe           |   130 |    68 ||   198
    Use: Scroll            |     5 |     5 ||    10
 Armour: Scale mail        |    58 |       ||    58
         Plate armour      |    33 |    45 ||    78
  Dodge: Dodged            |    50 |    10 ||    60
  Block: Buckler           |    15 |       ||    15
         Kite shield       |    16 |    35 ||    51

Table legend: (Time is in decaauts)
 A = Elapsed time spent in this place.
 B = Non-inter-level travel time spent in this place.
 C = Inter-level travel time spent in this place.
 D = Time resting spent in this place.
 E = Time spent auto-exploring this place.
 F = Levels seen in this place.
 G = Mean time per level.
                   A        B        C        D        E       F      G
               +--------+--------+--------+--------+--------+-----+--------+
         Total |   3256 |   3109 |    147 |    440 |   2130 |   5 |  651.2 |
       Dungeon |   3256 |   3109 |    147 |    440 |   2130 |   5 |  651.2 |
               +--------+--------+--------+--------+--------+-----+--------+

Top non-repeatable levels by time:
     D:1: 878 daAuts
     D:3: 837 daAuts
     D:2: 732 daAuts
     D:4: 453 daAuts
     D:5: 354 daAuts
